Map: Galactic Process LE

Players

Atlantean - Winner!

  • Race: Protoss Protoss
  • League: Gold
  • Spawn Location: 1:00

Fropez

  • Race: Protoss Protoss
  • League: Gold
  • Spawn Location: 7:00

VOD

Have the link to the VOD?

Description

Time

  • Played on: Oct. 19, 2016, 12:51 p.m.
  • Length: 15:26
Show
View Real Time Build Order
Export as new Build Order

Atlantean Protoss - Winner!

Build Orders: 1 Gate Expand 

Get SALT Encoding   

  12  0:02  Probe (Chrono Boost)  
  13  0:15  Pylon  
  13  0:19  Probe (Chrono Boost)  
  14  0:29  Probe (Chrono Boost)  
  15  0:38  Gateway  
  15  0:42  Probe (Chrono Boost)  
  16  0:50  Assimilator  
  16  0:52  Probe (Chrono Boost)  
  17  1:12  Probe (Chrono Boost)  
  18  1:23  Probe (Chrono Boost)  
  19  1:36  Nexus  
  19  1:41  Cybernetics Core  
  19  1:56  Gateway  
  19  2:03  Pylon  
  19  2:18  Mothership Core (Chrono Boost)  
  19  2:19  Adept  
  23  2:26  Assimilator  
  23  2:33  Warp Gate (Chrono Boost)  
  23  2:40  Forge  
  23  2:45  Adept  
  23  2:48  Adept  
  23  2:50  Probe  
  28  3:04  Probe  
  29  3:12  Pylon  
  29  3:13  Probe  
  29  3:15  Probe  
  31  3:25  Probe  
  32  3:30  Probe  
  32  3:33  Assimilator  
  33  3:35  Assimilator  
  33  3:37  Probe  
  33  3:40  Probe  
  35  3:51  Probe  
  32  4:06  Photon Cannon x2  
  26  4:28  Probe  
  24  4:39  Stalker  
  24  4:40  Probe, Stalker  
  24  4:44  Pylon  
  27  4:51  Probe  
  27  4:52  Probe  
  25  5:01  Probe  
  25  5:04  Probe  
  25  5:06  Sentry  
  29  5:07  Sentry  
  30  5:16  Probe  
  30  5:21  Probe  
  31  5:28  Probe  
  31  5:31  Probe  
  32  5:36  Photon Cannon  
  32  5:40  Probe, Stalker  
  35  5:45  Stalker  
  35  5:48  Probe (Chrono Boost)  
  38  5:52  Probe (Chrono Boost)  
  39  6:00  Probe (Chrono Boost)  
  41  6:04  Probe (Chrono Boost)  
  41  6:08  Gateway  
  41  6:10  Probe (Chrono Boost)  
  42  6:11  Stalker  
  42  6:15  Probe (Chrono Boost)  
  42  6:17  Stalker  
  47  6:25  Probe (Chrono Boost)  
  48  6:35  Stalker  
  50  6:44  Stargate  
  50  6:47  Zealot  
  50  6:53  Probe (Chrono Boost)  
  53  7:03  Twilight Council  
  53  7:04  Probe (Chrono Boost)  
  53  7:06  Gateway  
  53  7:08  Gateway  
  54  7:12  Zealot x2  
  54  7:14  Probe x2 (Chrono Boost)  
  58  7:31  Pylon  
  58  7:35  Pylon  
  58  7:43  Pylon  
  58  7:45  Pylon  
  56  8:04  Charge (Chrono Boost)  
  56  8:26  Photon Cannon  
  56  8:28  Photon Cannon  
  56  8:30  Zealot x3  
  56  8:31  Zealot x2  
  66  8:34  Void Ray  
  66  8:41  Probe  
  71  8:49  Protoss Ground Weapons Level 1 (Chrono Boost)  
  71  8:53  Probe  
  71  8:54  Zealot  
  74  8:58  Zealot  
  74  9:02  Zealot  
  78  9:05  Probe  
  78  9:06  Zealot  
  76  9:17  Probe  
  76  9:18  Probe  
  78  9:25  Zealot x2  
  78  9:27  Zealot  
  78  9:29  Probe  
  78  9:31  Probe  
  86  9:36  Pylon  
  86  9:38  Pylon  
  86  9:54  Probe x2  
  86  9:56  Photon Cannon  
  88  10:06  Probe  
  89  10:19  Probe  
  90  10:31  Probe  
  88  10:43  Probe  
  77  11:03  Photon Cannon  
  63  11:05  Photon Cannon  
  63  11:09  Photon Cannon  
  49  11:13  Photon Cannon  
  49  11:16  Photon Cannon  
  47  11:21  Robotics Facility  
  47  11:23  Stalker x2  
  47  11:24  Stalker x3  
  57  11:40  Pylon  
  57  11:47  Probe, Cybernetics Core  
  57  11:52  Stalker x3  
  57  11:53  Stalker x2  
  64  11:59  Probe  
  65  12:09  Observer  
  66  12:21  Zealot x3  
  66  12:22  Zealot x2  
  76  12:27  Nexus  
  76  12:28  Void Ray  
  80  12:37  Pylon  
  80  12:39  Photon Cannon  
  80  12:43  Zealot x3  
  80  12:44  Zealot x2  
  90  13:23  Pylon  
  90  13:25  Pylon  
  90  13:31  Warp Prism  
  92  13:44  Photon Cannon  
  92  13:46  Photon Cannon  
  92  13:48  Photon Cannon  
  84  14:55  Stalker x5  
  84  14:59  Probe  
  95  15:09  Probe  
  96  15:25  Zealot x4  
  96  15:26  Zealot  
Show
View Real Time Build Order
Export as new Build Order

Fropez Protoss 

Build Orders: Oracle Opening 

Get SALT Encoding   

  12  0:01  Probe (Chrono Boost)  
  13  0:12  Probe (Chrono Boost)  
  14  0:18  Pylon  
  14  0:20  Pylon  
  14  0:24  Probe (Chrono Boost)  
  15  0:34  Assimilator  
  15  0:38  Probe (Chrono Boost)  
  16  0:45  Gateway  
  16  0:49  Probe (Chrono Boost)  
  17  1:00  Probe (Chrono Boost)  
  18  1:10  Probe (Chrono Boost)  
  19  1:21  Probe (Chrono Boost)  
  19  1:22  Pylon  
  20  1:30  Assimilator  
  20  1:31  Probe (Chrono Boost)  
  21  1:36  Cybernetics Core  
  21  1:42  Probe (Chrono Boost)  
  22  1:53  Probe (Chrono Boost)  
  23  2:13  Stargate  
  23  2:18  Probe (Chrono Boost)  
  23  2:21  Warp Gate  
  24  2:28  Probe (Chrono Boost)  
  25  2:37  Nexus  
  25  2:39  Probe (Chrono Boost)  
  26  2:47  Pylon  
  26  2:49  Probe (Chrono Boost)  
  27  3:00  Probe (Chrono Boost)  
  27  3:01  Oracle (Chrono Boost)  
  30  3:11  Probe  
  31  3:20  Stalker  
  33  3:33  Oracle (Chrono Boost)  
  37  3:35  Mothership Core  
  38  3:56  Probe  
  31  4:52  Probe  
  28  4:53  Probe  
  30  5:04  Gateway  
  30  5:08  Gateway  
  30  5:10  Assimilator  
  30  5:13  Assimilator  
  30  5:19  Probe  
  28  5:30  Pylon  
  28  5:34  Pylon  
  28  5:38  Probe  
  28  5:39  Probe  
  28  5:40  Gateway  
  30  5:43  Void Ray (Chrono Boost)  
  30  5:45  Pylon  
  34  5:56  Probe  
  35  5:58  Probe  
  36  6:05  Pylon  
  36  6:07  Nexus  
  36  6:08  Pylon, Probe  
  36  6:09  Pylon  
  36  6:10  Probe  
  38  6:21  Void Ray (Chrono Boost)  
  38  6:22  Gateway  
  38  6:24  Probe  
  43  6:26  Probe  
  44  6:39  Probe, Gateway  
  45  6:40  Probe  
  46  6:53  Gateway  
  46  6:57  Zealot  
  46  6:58  Void Ray (Chrono Boost)  
  52  7:35  Probe x3  
  52  7:36  Void Ray (Chrono Boost)  
  59  7:51  Twilight Council  
  55  7:52  Robotics Facility  
  47  8:22  Adept x6  
  47  8:23  Adept  
  47  8:26  Probe  
  62  8:27  Probe x2  
  62  8:34  Assimilator  
  64  8:37  Gateway  
  64  8:41  Gateway  
  64  8:44  Pylon  
  64  8:46  Resonating Glaives (Chrono Boost)  
  64  8:51  Gateway  
  64  8:54  Probe x2, Dark Shrine  
  58  9:21  Probe  
  58  9:22  Probe  
  58  9:23  Probe  
  55  9:32  Adept x6  
  55  9:33  Adept  
  55  9:35  Probe  
  55  9:37  Probe x2  
  72  9:47  Immortal  
  72  9:48  Robotics Facility  
  72  9:52  Probe, Forge  
  77  9:53  Probe x2  
  77  9:54  Pylon  
  77  9:57  Assimilator  
  79  10:04  Probe  
  80  10:11  Adept x2  
  80  10:12  Adept x6  
  80  10:13  Adept x2  
  98  10:33  Dark Templar x4  
  103  10:42  Dark Templar  
  103  10:43  Dark Templar  
  97  10:56  Dark Templar x2  
  76  11:32  Stalker  
  76  11:34  Stalker  
  76  11:36  Archon  
  76  11:38  Probe  
  79  11:52  Nexus  
  79  12:09  Probe  
  80  12:18  Adept x3  
  80  12:19  Adept x3  
  80  12:20  Probe  
  93  12:30  Probe  
  94  12:37  Nexus  
  68  13:17  Probe x2  
  60  13:24  Protoss Ground Weapons Level 1 (Chrono Boost)  
  60  13:28  Probe x2  
  65  13:38  Probe x2  
  64  13:44  Pylon  
  58  14:04  Adept x3  
  58  14:05  Adept x4  
  57  14:41  Adept x4  
  53  14:51  Gateway  
  53  14:52  Assimilator  
  53  14:53  Gateway  
  53  14:56  Assimilator  
  53  15:00  Pylon  
  53  15:05  Zealot x3  
Tags
 
Add a new tag
Caveats
  • Supply blocks, unpowered buildings, or Contaminate may cause inaccurate times.
  • Supply counts are checked every 10 seconds.